 Dungeon Crawl Stone Soup version 0.29-a0-284-gf9362112df (webtiles) character file.

Game seed: 13269970244270396343

112 sylnyx the Stinger (level 4, 0/36 HPs)
             Began as a Draconian Venom Mage on Mar 26, 2022.
             Slain by a black bear (3 damage)
             ... on level 4 of the Dungeon.
             The game lasted 00:16:49 (3678 turns).

sylnyx the Stinger (Draconian Venom Mage)           Turns: 3678, Time: 00:16:49

Health: 0/36       AC: 10    Str: 11    XL:     4   Next: 64%
Magic:  1/8        EV: 12    Int: 17    God:
Gold:   232        SH:  0    Dex: 11    Spells: 5/8 levels left

rFire   . . .      SeeInvis .   d - +0 dagger
rCold   . . .      Faith    .   (no shield)
rNeg    . . .      Spirit   .   (body armour unavailable)
rPois   .          Reflect  .   (helmet restricted)
rElec   .          Harm     .   s - +0 cloak
rCorr   .          Rampage  .   t - +2 pair of gloves
Will    .....                   i - +0 pair of boots
Stlth   ++........              (no amulet)
HPRegen 0.12/turn               n - +4 ring of slaying
MPRegen 0.11/turn               (no ring)

@: no status effects
A: AC +5, unfitting armour, cold-blooded
a: no special abilities


You were on level 4 of the Dungeon.
You visited 1 branch of the dungeon, and saw 4 of its levels.

You collected 232 gold pieces.

Inventory:

Hand Weapons
 d - a +0 dagger (weapon)
Armour
 i - a +0 pair of boots (worn)
 m - a +0 kite shield
 s - a +0 cloak (worn)
 t - a +2 pair of gloves (worn)
Magical Staves
 b - a staff of conjuration
Jewellery
 n - a +4 ring of slaying (left hand)
Scrolls
 c - a scroll of identify
 e - a scroll of summoning {unknown}
 g - 2 scrolls of immolation
 h - 2 scrolls of fog {unknown}
 j - a scroll of noise {unknown}
 k - 2 scrolls of enchant weapon
 p - a scroll of blinking {unknown}
 q - a scroll of torment {unknown}
 r - a scroll of fear {unknown}
 u - a scroll of brand weapon {unknown}
 w - a scroll of teleportation {unknown}
Potions
 a - 2 potions of magic
 f - a potion of degeneration
 l - a potion of mutation
 o - a potion of curing
 v - 2 potions of cancellation


   Skills:
 + Level 1.8 Fighting
 + Level 2.4 Dodging
 + Level 2.6 Stealth
 + Level 2.6 Spellcasting
 - Level 1.1 Transmutations
 + Level 3.6 Poison Magic


You had 5 spell levels left.
You knew the following spells:

 Your Spells              Type           Power      Damage    Failure   Level
a - Sting                 Tmut/Pois      40%        1d5       7%          1
b - Poisonous Vapours     Pois/Air       16%        N/A       13%         2

Your spell library contained the following spells:

 Spells                   Type           Power      Damage    Failure   Level
 Mephitic Cloud           Conj/Pois/Air  6%         N/A       32%         3
 Olgreb's Toxic Radiance  Pois           14%        N/A       38%         4
 Gell's Gravitas          Tloc           2%         N/A       47%         3
 Lesser Beckoning         Tloc           2%         N/A       47%         3
 Teleport Other           Tloc           2%         N/A       47%         3


Dungeon Overview and Level Annotations

Branches:
Dungeon (4/15)
 Temple: D:4-7

Altars:
Nemelex Xobeh

Annotations:
D:3 Grinder, Sigmund


Innate Abilities, Weirdness & Mutations

Your plain brown scales are hard. (AC +5)
You cannot fit into any form of body armour.
You are cold-blooded and may be slowed by cold attacks.


Message History

Casting: Poisonous Vapours (safe; 13% risk of failure)
Confirm with . or Enter, or press ? or * to list all spells.
Aiming: Poisonous Vapours (safe; 13% risk of failure)
Press: ? - help, Dir - move target, f/p - black bear
Aim: a black bear (moderately wounded, very poisoned) Poisonous vapours surround the black bear!
The black bear looks even sicker.
Casting: Poisonous Vapours (safe; 13% risk of failure)
Confirm with . or Enter, or press ? or * to list all spells.
Aiming: Poisonous Vapours (safe; 13% risk of failure)
Press: ? - help, Dir - move target, f/p - black bear
Aim: a black bear (moderately wounded, very poisoned) Poisonous vapours surround the black bear!
The black bear looks even sicker.
The black bear goes berserk!
The black bear attacks as you move away!
The black bear bites you.
The black bear claws you but does no damage.
The black bear claws you.
The black bear rages.
The black bear bites you. The black bear claws you.
The black bear completely misses you.
The black bear attacks as you move away!
The black bear misses you.
The black bear claws you but does no damage.
The black bear closely misses you. The black bear bites you!
The black bear claws you but does no damage.
The black bear barely misses you.
You see here 26 stones.
The black bear attacks as you move away!
The black bear bites you. The black bear claws you.
* * * LOW HITPOINT WARNING * * *
The black bear claws you.
* * * LOW HITPOINT WARNING * * *
The black bear attacks as you move away!
The black bear bites you but does no damage.
The black bear claws you but does no damage.
The black bear claws you.
You die...

. ........#.)....###..
..##..#....#..........
......#...............
.................##...
.................# #..
.................###..
..#..#####...........
##.................
##.......h@....... ..
##..##........... ...
#............#.## ..# ...
###...........[#..# ..# ...
#..............##.###.# ...
#.##..........####.....##...
##............#..)......>...
##................#...#....
#..............#.#...#....


You could see a black bear (berserk, poisoned).

Vanquished Creatures
  3 adders (D:2)
  A dart slug (D:1)
  2 orcs
  5 bats
  5 endoplasms
  A giant cockroach (D:2)
  8 goblins
  7 hobgoblins
  12 jackals
  4 quokkas
  5 ball pythons
  4 frilled lizards
  8 kobolds
  8 rats
73 creatures vanquished.

Vanquished Creatures (others)
  3 plants (D:3)
3 creatures vanquished.

Grand Total: 76 creatures vanquished

Notes
Turn   | Place    | Note
-------+----------+-------------------------------------------
     0 | D:1      | sylnyx the Draconian Venom Mage began the quest for the
                  | Orb.
     0 | D:1      | Reached XP level 1. HP: 14/14 MP: 3/3
   303 | D:1      | Reached XP level 2. HP: 17/22 MP: 3/5
   736 | D:1      | Reached XP level 3. HP: 19/27 MP: 1/6
   825 | D:1      | Learned a level 2 spell: Poisonous Vapours
   924 | D:1      | Reached skill level 1 in Fighting
  1640 | D:2      | Found a faded altar of an unknown god.
  2150 | D:2      | Reached XP level 4. HP: 35/35 MP: 1/7
  2946 | D:3      | Noticed Sigmund
  3072 | D:3      | Noticed Grinder
  3299 | D:3      | Found a sparkling altar of Nemelex Xobeh.
  3388 | D:4      | Noticed a black bear
  3678 | D:4      | Slain by a black bear

Illustrated notes

Levels and vault maps discovered:
D:1:      minmay_arrival_wavy_path, layout_basic, minmay_tall_x
D:2:      layout_rooms, ebering_ecumenical_altar_rust
D:3:      layout_basic, mainiacjoe_overflow_boulevard, uniq_grinder,
          uniq_sigmund
D:4:      layout_cave_pools, serial_shops, kennysheep_mini

Skill      XL: |  1  2  3 |
---------------+----------+-----
Stealth        | 2 |  2.6
Dodging        | 2 |  2.4
Fighting       | 1 |  1.8
Spellcasting   | |  2.6
Transmutations | |  1.1
Poison Magic   | |  3.6

Action                   |  1- 3 |  4- 6 || total
-------------------------+-------+-------++-------
Melee: Unarmed           |     4 |       ||     4
       Dagger            |   105 |    36 ||   141
       Tailslap          |    15 |     2 ||    17
 Cast: Sting             |    40 |    13 ||    53
       Poisonous Vapours |    15 |    17 ||    32
  Use: Scroll            |     4 |     2 ||     6
Armor: Skin              |    54 |    29 ||    83
Dodge: Dodged            |    88 |    38 ||   126

Table legend: (Time is in decaauts)
 A = Elapsed time spent in this place.
 B = Non-inter-level travel time spent in this place.
 C = Inter-level travel time spent in this place.
 D = Time resting spent in this place.
 E = Time spent auto-exploring this place.
 F = Levels seen in this place.
 G = Mean time per level.
                   A        B        C        D        E       F      G
               +--------+--------+--------+--------+--------+-----+--------+
         Total |   3684 |   3527 |    157 |   1689 |    423 |   4 |  921.0 |
       Dungeon |   3684 |   3527 |    157 |   1689 |    423 |   4 |  921.0 |
               +--------+--------+--------+--------+--------+-----+--------+

Top non-repeatable levels by time:
     D:2: 1630 daAuts
     D:1: 1278 daAuts
     D:3: 580 daAuts
     D:4: 195 daAuts
